 Dungeon Crawl Stone Soup version 0.30.1-11-g7821555f0a (webtiles) character file.

Game seed: 14341428780491009278

1400 jfcaron the Firebug (level 8, 0/59 HPs)
             Began as a Gnoll Fire Elementalist on Nov 8, 2023.
             Was an Initiate of Gozag.
             Killed by an exploding Duvessa (34 damage)
             ... ignited by their inner flame
             ... on level 6 of the Dungeon.
             The game lasted 00:16:17 (5860 turns).

jfcaron the Firebug (Gnoll Fire Elementalist)       Turns: 5860, Time: 00:16:18

Health: 0/59       AC:  5    Str:  8    XL:     8   Next: 69%
Magic:  17/26      EV: 14    Int: 16    God:    Gozag
Gold:   83         SH:  0    Dex: 13    Spells: 7/19 levels left

rFire   . . .        o - +1 dagger of the Lame Duck {venom, SInv Stlth+}
rCold   . . .        (no shield)
rNeg    . . .        a - +0 robe
rPois   +            v - +0 helmet
rElec   .            x - +0 cloak
rCorr   .            (no gloves)
SInv    +            J - +0 pair of boots
Will    .....        i - amulet of regeneration
Stlth   ++           E - ring of poison resistance
HPRegen 1.09/turn    K - ring of magical power
MPRegen 0.20/turn

%: no passive effects
@: lit by a corona, gold aura, glowing
A: fangs 1, strong nose, distributed training
a: Renounce Religion, Potion Petition, Call Merchant, Bribe Branch


You were on level 6 of the Dungeon.
You worshipped Gozag.
Gozag was noncommittal.
You visited 2 branches of the dungeon, and saw 7 of its levels.

You collected 453 gold pieces.
You spent 329 gold pieces at shops.
You paid 41 gold pieces to Gozag.

Inventory:

Hand Weapons
 o - the +1 dagger of the Lame Duck (weapon) {venom, SInv Stlth+}
   (You found it on level 2 of the Dungeon)

   SInv:      It lets you see invisible.
   Stlth:     It makes you more stealthy.
 G - the +4 broad axe of Cuimi {spect, Stlth+}
   (You found it on level 5 of the Dungeon)

   Stlth:     It makes you more stealthy.
Missiles
 f - a throwing net {!f}
 k - 57 stones
 z - 5 boomerangs
 A - 10 poisoned darts
 F - 3 atropa-tipped darts {!f}
Armour
 a - a +0 robe (worn)
 h - a +2 pair of boots of flying
   (You found it on level 2 of the Dungeon)
 v - a +0 helmet (worn)
 x - a +0 cloak (worn)
 J - a +0 pair of boots (worn)
Jewellery
 i - an amulet of regeneration (around neck)
   (You found it on level 4 of the Dungeon)
 n - a ring of resist corrosion
 D - a ring of protection from cold
   (You found it on level 4 of the Dungeon)
 E - a ring of poison resistance (left hand)
 K - a ring of magical power (right hand)
Wands
 q - a wand of roots (15)
   (You found it on level 2 of the Dungeon)
 y - a wand of digging (5)
 B - a wand of paralysis (6)
Scrolls
 l - 2 scrolls of magic mapping
 m - 2 scrolls of blinking
 r - 3 scrolls of poison
 s - 2 scrolls of teleportation
 t - a scroll of butterflies {unknown}
 u - a scroll of enchant weapon {unknown}
 I - 2 scrolls of immolation
 L - 2 scrolls of vulnerability
 M - a scroll of amnesia
 N - a scroll of fog
Potions
 b - a potion of magic
 c - a potion of cancellation
 d - 3 potions of might
 e - a potion of berserk rage {unknown}
 g - 3 potions of curing
 j - 2 potions of lignification
 p - 2 potions of invisibility {unknown}
 w - 3 potions of heal wounds
 C - a potion of haste {unknown}
 H - a potion of attraction {unknown}


   Skills:
 + Level 3.6 Fighting
 + Level 3.6 Short Blades
 + Level 3.6 Long Blades
 + Level 3.6 Axes
 + Level 3.6 Maces & Flails
 + Level 3.6 Polearms
 + Level 3.6 Staves
 + Level 3.6 Ranged Weapons
 + Level 3.6 Throwing
 + Level 3.6 Armour
 + Level 5.9 Dodging
 + Level 5.6 Stealth
 + Level 3.6 Shields
 + Level 3.6 Unarmed Combat
 + Level 6.2 Spellcasting
 + Level 3.7 Conjurations
 + Level 3.0 Hexes
 + Level 3.0 Summonings
 + Level 3.0 Necromancy
 + Level 3.0 Translocations
 + Level 3.0 Transmutations
 + Level 6.3 Fire Magic
 + Level 3.0 Ice Magic
 + Level 3.0 Air Magic
 + Level 3.0 Earth Magic
 + Level 3.0 Poison Magic
 + Level 4.0 Invocations
 + Level 3.6 Evocations


You had 7 spell levels left.
You knew the following spells:

 Your Spells              Type           Power      Damage    Failure   Level
a - Foxfire               Conj/Fire      84%        2x1d8     1%          1
b - Scorch                Fire           50%        2d7       1%          2
c - Volatile Blastmotes   Fire/Tloc      38%        2d13      6%          3
d - Inner Flame           Hex/Fire       19%        N/A       6%          3
e - Confusing Touch       Hex            14%        N/A       12%         3

Your spell library contained the following spells:

 Spells                   Type           Power      Damage    Failure   Level
 Kiss of Death            Conj/Necr      60%        2d10      3%          1
 Magic Dart               Conj           64%        1d6       3%          1
 Searing Ray              Conj           32%        2d5       4%          2
 Flame Wave               Conj/Fire      21%        2d8       17%         4
 Fulminant Prism          Conj/Hex       7%         3d6       32%         4
 Dispel Undead            Necr           14%        3d10      36%         4


Dungeon Overview and Level Annotations

Branches:
Dungeon (6/15)             Temple (1/1) D:4

Altars:
Ashenzari
Dithmenos
Fedhas
Gozag
Hepliaklqana
Kikubaaqudgha
Makhleb
Nemelex Xobeh
Okawaru
Ru
Sif Muna
Trog
Xom
Yredelemnul
Zin
The Shining One

Shops:
D:5 =???

Annotations:
D:6 Dowan


Innate Abilities, Weirdness & Mutations

You have very sharp teeth.
Your uncanny sense of smell can sniff out nearby items.
Your experience applies equally to all skills.


Message History

Casting: Inner Flame (dangerous; 6% risk of failure)
Confirm with . or Enter, or press ? or * to list all spells.
A cloud of volatile blastmotes flares up around you!
Dowan gestures wildly while chanting.
Dowan blinks!
You hit Dowan.
Dowan is poisoned.
Dowan is moderately wounded.
Dowan says, "Magic and the sword, together, will defeat you."
Dowan closely misses you.
Dowan points at you and mumbles some strange words.
The puff of frost hits you. Duvessa hits you with a +0 short sword!
Dowan casts a spell at you. The puff of flame hits you.
The cloud of blastmotes explodes!
The concussive blast engulfs Dowan.
Dowan is severely wounded.
Dowan is knocked back by the blast.
Duvessa misses you.
You hit Duvessa but do no damage.
Duvessa is poisoned.
Dowan gestures at you while chanting. The puff of flame hits you!
Duvessa hits you with a +0 short sword.
You hit Duvessa but do no damage.
Duvessa looks as sick as possible!
Casting: Volatile Blastmotes (dangerous; 6% risk of failure)
Confirm with . or Enter, or press ? or * to list all spells.
Flames lash Duvessa.
Flame seeps out of Duvessa.
Duvessa is lightly wounded.
Duvessa's fire resistance burns away.
Flame seeps out of Duvessa.
Dowan casts a spell at you.
You are outlined in light.
Duvessa is engulfed in blazing flames.
Flame seeps out of Duvessa.
Duvessa misses you.
You hit Duvessa but do no damage.
Duvessa looks as sick as possible!
Duvessa is heavily wounded.
Flame seeps out of Duvessa.
Dowan gestures at you while chanting. The puff of flame misses you.
Duvessa is engulfed in blazing flames.
Dowan's eyes darken. "You have made a black mistake."
Dowan seems to find hidden reserves of power!
Duvessa explodes!
The fiery explosion engulfs you!!
Ouch! That really hurt!
You die...
Your body crumbles into a pile of gold.

#..#########..#
#.. ..#....# #.
#.#.#.## #
#.#.#.# #e#e#.#
#.#.#.# #e#.#.#
#§#§#.# #§○@#.#
#####


You could see Dowan (fast, very poisoned).

Vanquished Creatures
  Grinder (D:4)
  Sigmund (D:2)
  Menkaure (D:5)
  Duvessa (D:6)
  Pargi (D:4)
  2 scorpions
  2 jellies
  3 hounds
  3 orc priests (D:6)
  Crazy Yiuf (D:2)
  A sleepcap (D:5)
  Ijyb (D:3)
  5 iguanas
  3 orc wizards
  8 adders
  A shadow imp (D:5)
  An ufetubus (D:4)
  2 worms
  3 dart slugs
  7 orcs
  A ball python (D:1)
  A bat (D:1)
  5 endoplasms
  2 giant cockroaches
  11 goblins
  6 hobgoblins
  3 kobolds
  5 quokkas
  3 frilled lizards
  4 rats (D:1)
  278 foxfires
367 creatures vanquished.

Notes
Turn   | Place    | Note
-------+----------+-------------------------------------------
     0 | D:1      | jfcaron the Gnoll Fire Elementalist began the quest for the
                  | Orb.
     0 | D:1      | Reached XP level 1. HP: 13/13 MP: 6/6
   265 | D:1      | Reached XP level 2. HP: 19/19 MP: 5/7
   273 | D:1      | Learned a level 2 spell: Scorch
   854 | D:2      | Reached skill level 5 in Spellcasting
   854 | D:2      | Reached XP level 3. HP: 25/25 MP: 3/9
   965 | D:2      | You fall into a shaft and drop 2 floors!
  1005 | D:2      | Identified the +1 dagger of the Lame Duck {venom, SInv
                  | Stlth+}
  1078 | D:2      | Reached skill level 1 in Invocations
  1171 | D:2      | Reached skill level 1 in Fighting
  1171 | D:2      | Reached skill level 1 in Short Blades
  1171 | D:2      | Reached skill level 1 in Long Blades
  1171 | D:2      | Reached skill level 1 in Axes
  1171 | D:2      | Reached skill level 1 in Maces & Flails
  1171 | D:2      | Reached skill level 1 in Polearms
  1171 | D:2      | Reached skill level 1 in Staves
  1171 | D:2      | Reached skill level 1 in Ranged Weapons
  1171 | D:2      | Reached skill level 1 in Throwing
  1171 | D:2      | Reached skill level 1 in Armour
  1171 | D:2      | Reached skill level 1 in Shields
  1171 | D:2      | Reached skill level 1 in Unarmed Combat
  1171 | D:2      | Reached skill level 1 in Evocations
  1271 | D:2      | Found a runed translucent door.
  1272 | D:2      | Noticed Crazy Yiuf
  1509 | D:2      | Noticed Sigmund
  1516 | D:2      | Killed Sigmund
  1517 | D:2      | Reached skill level 1 in Hexes
  1517 | D:2      | Reached skill level 1 in Summonings
  1517 | D:2      | Reached skill level 1 in Necromancy
  1517 | D:2      | Reached skill level 1 in Translocations
  1517 | D:2      | Reached skill level 1 in Transmutations
  1517 | D:2      | Reached skill level 1 in Ice Magic
  1517 | D:2      | Reached skill level 1 in Air Magic
  1517 | D:2      | Reached skill level 1 in Earth Magic
  1517 | D:2      | Reached skill level 1 in Poison Magic
  1517 | D:2      | Reached XP level 4. HP: 33/33 MP: 3/11
  1517 | D:2      | Reached XP level 5. HP: 38/38 MP: 3/12
  1724 | D:2      | Reached XP level 6. HP: 44/44 MP: 9/13
  1927 | D:2      | Learned a level 3 spell: Volatile Blastmotes
  1934 | D:2      | Killed Crazy Yiuf
  1991 | D:3      | Reached skill level 5 in Dodging
  2475 | D:3      | Noticed Ijyb
  2486 | D:3      | Killed Ijyb
  2704 | D:3      | Found a blossoming altar of Fedhas.
  2923 | D:4      | Found a bloodstained altar of Trog.
  2923 | D:4      | Found a glowing golden altar of the Shining One.
  2989 | D:4      | Reached XP level 7. HP: 47/50 MP: 9/15
  3034 | D:4      | Found a staircase to the Ecumenical Temple.
  3048 | Temple   | Entered the Ecumenical Temple
  3321 | Temple   | Became a worshipper of Gozag Ym Sagoz the Greedy
  3444 | D:4      | Noticed Pargi
  3453 | D:4      | Killed Pargi
  3810 | D:4      | Noticed Grinder
  3819 | D:4      | Killed Grinder
  3820 | D:4      | Reached skill level 5 in Stealth
  3989 | D:4      | Reached XP level 8. HP: 58/58 MP: 10/16
  4208 | D:4      | Learned a level 3 spell: Inner Flame
  4219 | D:5      | Entered Level 5 of the Dungeon
  4295 | D:5      | Identified the +4 broad axe of Cuimi {spect, Stlth+}
  4512 | D:5      | Found Luekup's Magic Scroll Boutique.
  4525 | D:5      | Found Zobb's Magic Scroll Shoppe.
  4685 | D:5      | Found Siutatowi's Magic Scroll Boutique.
  4716 | D:5      | Found Qexeext's Jewellery Boutique.
  4838 | D:5      | Learned a level 3 spell: Confusing Touch
  5121 | D:5      | Noticed Menkaure
  5160 | D:5      | Killed Menkaure
  5495 | D:5      | Bought a scroll of noise for 11 gold pieces
  5510 | D:5      | Bought a scroll of blinking for 82 gold pieces
  5510 | D:5      | Bought a scroll of poison for 44 gold pieces
  5522 | D:5      | Bought a scroll of amnesia for 44 gold pieces
  5522 | D:5      | Bought a scroll of vulnerability for 44 gold pieces
  5522 | D:5      | Bought a scroll of immolation for 44 gold pieces
  5552 | D:5      | Bought a scroll of fog for 60 gold pieces
  5848 | D:6      | Noticed Duvessa
  5848 | D:6      | Noticed Dowan
  5860 | D:6      | Killed Duvessa
  5860 | D:6      | Killed by an exploding Duvessa... ignited by their inner
                  | flame

Illustrated notes

Levels and vault maps discovered:
D:1:      dpeg_arrival_pits, layout_basic
D:2:      layout_loops_cross, uniq_sigmund, uniq_crazy_yiuf_cottage
D:3:      layout_basic, mainiacjoe_overflow_brackets, minmay_tree_intersection,
          uniq_ijyb
D:4:      layout_basic, mainiacjoe_overflow_divided_tiny,
          minmay_temple_entry_sparse_star, uniq_grinder, uniq_pargi
D:5:      layout_basic, serial_shops, nicolae_shop_just_a_little_nook,
          nicolae_shop_stone, shop, shop, columned_hall_lemuel, uniq_menkaure
D:6:      layout_basic, nicolae_overflow_two_pavilions,
          gammafunk_temple_overflow_claw, grunt_ministairs_15,
          minmay_strange_pillars, minivault_27, uniq_duvessa
Temple:   nicolae_temple_figure_eight

Skill      XL: |  1  2  3  4  5  6  7  8 |
---------------+-------------------------+-----
Conjurations   | 2 3 |  3.7
Spellcasting   | 5 6 |  6.2
Invocations    | 2 3 4 |  4.0
Fighting       | 1 2 3 |  3.6
Short Blades   | 1 2 3 |  3.6
Long Blades    | 1 2 3 |  3.6
Axes           | 1 2 3 |  3.6
Maces & Flails | 1 2 3 |  3.6
Polearms       | 1 2 3 |  3.6
Staves         | 1 2 3 |  3.6
Ranged Weapons | 1 2 3 |  3.6
Throwing       | 1 2 3 |  3.6
Armour         | 1 2 3 |  3.6
Shields        | 1 2 3 |  3.6
Unarmed Combat | 1 2 3 |  3.6
Evocations     | 1 2 3 |  3.6
Hexes          | 1 2 3 |  3.0
Summonings     | 1 2 3 |  3.0
Necromancy     | 1 2 3 |  3.0
Translocations | 1 2 3 |  3.0
Transmutations | 1 2 3 |  3.0
Ice Magic      | 1 2 3 |  3.0
Air Magic      | 1 2 3 |  3.0
Earth Magic    | 1 2 3 |  3.0
Poison Magic   | 1 2 3 |  3.0
Dodging        | 5 |  5.9
Stealth        | 5 |  5.6
Fire Magic     | 6 |  6.3

Action                     |  1- 3 |  4- 6 |  7- 9 || total
---------------------------+-------+-------+-------++-------
  Melee: Dagger            |     4 |    22 |    24 ||    50
         Bite              |       |       |     1 ||     1
  Throw: Boomerang         |       |       |     1 ||     1
   Cast: Foxfire           |    38 |    34 |   103 ||   175
         Scorch            |     4 |     6 |    13 ||    23
         Volatile Blastmot |       |     2 |     6 ||     8
         Inner Flame       |       |       |     2 ||     2
  Evoke: Wand              |       |       |     2 ||     2
    Use: Scroll            |     3 |     4 |     1 ||     8
         Potion            |     1 |       |       ||     1
   Stab: Paralysed         |       |       |     2 ||     2
 Armour: Robe              |       |     6 |     5 ||    11
  Dodge: Dodged            |     7 |    17 |    16 ||    40

Table legend: (Time is in decaauts)
 A = Elapsed time spent in this place.
 B = Non-inter-level travel time spent in this place.
 C = Inter-level travel time spent in this place.
 D = Time resting spent in this place.
 E = Time spent auto-exploring this place.
 F = Levels seen in this place.
 G = Mean time per level.
                   A        B        C        D        E       F      G
               +--------+--------+--------+--------+--------+-----+--------+
         Total |   5850 |   5282 |    568 |    365 |   3997 |   7 |  835.7 |
       Dungeon |   5576 |   5051 |    525 |    365 |   3778 |   6 |  929.3 |
        Temple |    274 |    231 |     43 |      0 |    219 |   1 |  274.0 |
               +--------+--------+--------+--------+--------+-----+--------+

Top non-repeatable levels by time:
     D:5: 1392 daAuts
     D:2: 1097 daAuts
     D:4: 1016 daAuts
     D:3: 956 daAuts
     D:1: 869 daAuts
  Temple: 274 daAuts
     D:6: 244 daAuts

Table legend:
 A = Kills in this place as a percentage of kills in the entire game.
 B = Kills by you in this place as a percentage of kills by you in the entire game.
 C = Kills by friends in this place as a percentage of kills by friends in the entire game.
 D = Other kills in this place as a percentage of other kills in the entire game.
 E = Experience gained in this place as a percentage of experience gained in the entire game.
 F = Experience gained in this place divided by the number of levels of this place that you have seen.
                   A       B       C       D       E      F
               +-------+-------+-------+-------+-------+----------------------
         Total | 100.0 | 100.0 |   N/A |   N/A | 100.0 | 307.0
       Dungeon | 100.0 | 100.0 |   N/A |   N/A | 100.0 | 358.2
               +-------+-------+-------+-------+-------+----------------------

Levels and vault maps discovered:
D:1:      dpeg_arrival_pits, layout_basic
D:2:      layout_loops_cross, uniq_sigmund, uniq_crazy_yiuf_cottage
D:3:      layout_basic, mainiacjoe_overflow_brackets, minmay_tree_intersection,
          uniq_ijyb
D:4:      layout_basic, mainiacjoe_overflow_divided_tiny,
          minmay_temple_entry_sparse_star, uniq_grinder, uniq_pargi
D:5:      layout_basic, serial_shops, nicolae_shop_just_a_little_nook,
          nicolae_shop_stone, shop, shop, columned_hall_lemuel, uniq_menkaure
D:6:      layout_basic, nicolae_overflow_two_pavilions,
          gammafunk_temple_overflow_claw, grunt_ministairs_15,
          minmay_strange_pillars, minivault_27, uniq_duvessa
Temple:   nicolae_temple_figure_eight
